Senators vs Penguins

Created - Wednesday, February 03, 2016 at 01:40

Goals
1 2 3 T
Senators 2 3 2 7
Penguins 0 1 0 1
Shots
1 2 3 T
Senators 9 13 13 35
Penguins 3 7 6 16

1st period

1. Senators , Jarome Iginla 23 (Jonathan Toews) at 0:06
2. Senators , Tyler Myers 9 (Jarome Iginla, Boone Jenner) at 16:10 (PP)

Penalties :
Jon Merrill (Pit) for Hooking (Minor) at 8:13, Mark Fraser (Pit) for Roughing (Minor) at 16:01, Chris Butler (Pit) for Cross-checking (Minor) at 19:05

2nd period

3. Senators , Jake Gardiner 2 (Dave Bolland, Tomas Jurco) at 1:45
4. Penguins , Luke Witkowski 1 (Curtis McKenzie, Joakim Lindstrom) at 4:02 (PP)
5. Senators , Jake Gardiner 3 (Tyler Myers, Kyle Turris) at 5:34
6. Senators , Jarome Iginla 24 (Boone Jenner) at 7:31 (PP)

Penalties :
Kyle Chipchura (Ott) for Holding (Minor) at 3:35, Curtis McKenzie (Pit) for Fighting (Major) at 4:53, Dion Phaneuf (Ott) for Fighting (Major) at 4:53, Joakim Lindstrom (Pit) for Interference (Minor) at 5:37, Mark Fraser (Pit) for Delaying the game (Minor) at 8:08, Mikael Granlund (Pit) for Roughing (Minor) at 12:06

3rd period

7. Senators , Jarome Iginla 25 (Boone Jenner, Kyle Chipchura) at 1:16 (PP)
8. Senators , Loui Eriksson 18 (Johnny Oduya, Phil Kessel) at 18:57 (PP)

Penalties :
Chris Butler (Pit) for Interference (Minor) at 1:09, Curtis McKenzie (Pit) for Hooking (Minor) at 2:04, Chris Stewart (Pit) for Fighting (Major) at 4:57, Matt Finn (Ott) for Fighting (Major) at 4:57, Luke Witkowski (Pit) for Hooking (Minor) at 5:02, Dion Phaneuf (Ott) for Hooking (Minor) at 9:17, Luke Witkowski (Pit) for Holding (Minor) at 13:22, Chris Stewart (Pit) for Fighting (Major) at 15:59, Dion Phaneuf (Ott) for Fighting (Major) at 15:59, Chris Stewart (Pit) for instigated a fight (Minor) at 15:59, Chris Stewart (Pit) for instigated a fight (10 Minutes Misconduct) at 15:59, Marcus Foligno (Pit) for Roughing (Minor) at 18:40

Goalie Stats

Steve Mason (Ott), 15 saves from 16 shots - (0.938), W, 26-13-6, 60:00 minutes
Keith Kinkaid (Pit), 21 saves from 26 shots - (0.808), 41:51 minutes
Alex Stalock (Pit), 7 saves from 9 shots - (0.778), L, 0-19-1, 18:09 minutes

Players Stats for Senators

Player Name              G  A  P  +/- PIM S  H  SB GA TA FO     MP     PP MP  PK MP  
------------------------------------------------------------------------------------
Boone Jenner             0  3  3   1  0   3  5  0  3  0  0/0    22:18  10:03   1:20 
Bryan Bickell            0  0  0   0  0   0  1  0  0  0  0/0     7:14   0:00   0:00 
Dave Bolland             0  1  1   1  0   0  2  1  1  0  4/6    11:00   0:00   0:00 
Dion Phaneuf             0  0  0   1  12  7  2  2  2  2  0/0    22:45   7:17   0:27 
Jake Gardiner            2  0  2   2  0   3  1  0  0  1  0/0    16:28   3:28   0:00 
Jarome Iginla            3  1  4   1  0   8  2  1  6  0  1/2    22:42  10:03   2:19 
Johnny Oduya             0  1  1   0  0   1  0  0  0  0  0/0    20:18   7:34   0:00 
Jonathan Toews           0  1  1   1  0   0  0  0  0  0  1/1     0:39   0:00   0:00 
Kyle Chipchura           0  1  1   0  2   1  1  0  0  1  12/17  18:22   9:46   0:07 
Kyle Turris              0  1  1   1  0   0  3  0  5  0  11/13  19:53   8:33   0:00 
Loui Eriksson            1  0  1   1  0   2  1  0  2  1  1/2    19:01   8:16   0:00 
Matt Finn                0  0  0   1  5   1  0  0  0  0  0/0    11:06   0:00   1:13 
Michael Grabner          0  0  0   1  0   1  2  0  3  0  5/13   18:56   0:00   1:06 
Mike Santorelli          0  0  0   0  0   0  0  0  0  0  0/1     7:27   0:00   0:00 
Phil Kessel              0  1  1   1  0   1  3  0  4  0  0/0    18:29   8:16   0:00 
Tomas Jurco              0  1  1   1  0   1  2  0  1  0  0/0    11:00   0:00   0:00 
Tyler Myers              1  1  2   2  0   5  2  2  0  0  0/0    29:10  10:45   2:26 
Zach Bogosian            0  0  0   0  0   1  1  1  0  1  0/0    21:44   7:34   1:59 

Players Stats for Penguins

Player Name              G  A  P  +/- PIM S  H  SB GA TA FO     MP     PP MP  PK MP  
------------------------------------------------------------------------------------
Chris Butler             0  0  0  -1  4   0  0  1  0  1  0/0    22:48   0:49   7:18 
Chris Kelly              0  0  0   0  0   0  0  0  2  2  5/9    17:48   0:11   6:22 
Chris Stewart            0  0  0   0  22  1  0  0  1  0  1/4    10:13   0:00   1:01 
Christian Ehrhoff        0  0  0   0  0   0  0  0  0  0  0/0     1:21   0:00   0:00 
Cody Ceci                0  0  0   0  0   0  0  1  1  0  0/0    13:33   0:00   3:09 
Curtis McKenzie          0  1  1  -1  7   3  1  2  2  0  7/22   19:26   1:29   8:00 
Garrett Meurs            0  0  0  -1  0   0  0  0  0  1  4/6    23:36   1:18  10:32 
Jimmy Hayes              0  0  0   0  0   1  0  1  0  1  0/0    10:08   0:00   0:00 
Joakim Lindstrom         0  1  1  -2  2   4  0  0  1  0  1/4    17:26   1:29   5:04 
Jon Merrill              0  0  0   0  2   0  0  0  0  0  0/0    10:29   0:00   0:00 
Linden Vey               0  0  0  -2  0   1  1  0  1  0  0/1    21:50   0:57   5:29 
Luke Witkowski           1  0  1  -3  4   3  0  2  1  2  0/0    23:30   1:37   7:46 
Marcus Foligno           0  0  0  -1  2   0  3  0  0  1  0/0    15:35   0:57   0:25 
Mark Fraser              0  0  0   0  4   0  0  0  0  2  0/0    20:44   0:49   6:55 
Mikael Granlund          0  0  0   0  2   1  1  0  0  0  0/0     5:08   0:00   0:00 
Nail Yakupov             0  0  0  -1  0   2  3  0  2  0  2/9    14:15   0:57   0:00 
Reilly Smith             0  0  0   0  0   0  0  0  0  0  0/0     4:48   0:00   0:00 
Xavier Ouellet           0  0  0  -3  0   0  0  2  0  4  0/0    28:54   1:37  11:30 

3 Stars

1 - Jarome Iginla (Ott)
2 - Jake Gardiner (Ott)
3 - Boone Jenner (Ott)

Power Play

Senators - 4 on 12 Attempt(s) - 33.33%
Penguins - 1 on 2 Attempt(s) - 50.00%

Penalty Kill

Senators - 1 on 2 Attempt(s) - 50.00% - Score 0 goal in Penalty Kill
Penguins - 8 on 12 Attempt(s) - 66.67% - Score 0 goal in Penalty Kill

Team Stat

Senators - Hits : 28 - Faceoff Wins : 35 - Blocked Shots : 7 - Penalty Minutes : 19
Penguins - Hits : 9 - Faceoff Wins : 20 - Blocked Shots : 9 - Penalty Minutes : 49

Official

Referees : Unknown
Linesman : Unknown

Game Notes

Jonathan Toews is injured at 2:56 of 1st period (Sprained Right Ankle)
Alex Stalock is injured at 18:09 of 1st period (Right Forearm)
Keith Kinkaid enters game at 18:09 of 1st period
Curtis McKenzie and Dion Phaneuf fight to a draw at 4:53 of 2nd period
Jarome Iginla has scored a Hat Trick!
Chris Stewart beats up Matt Finn at 4:57 of 3rd period
Chris Stewart beats up Dion Phaneuf at 15:59 of 3rd period

Finance

Level 1 -- Attendance: 5575 (92.92%) -- Ticket Income $429,275
Level 2 -- Attendance: 4409 (88.18%) -- Ticket Income $220,450
Level 3 -- Attendance: 1736 (86.80%) -- Ticket Income $52,080
Level 4 -- Attendance: 3778 (94.45%) -- Ticket Income $52,892
Luxury Box -- Attendance: 966 (96.60%) -- Ticket Income $169,050
Game was played at the Consol Energy Center.
Total Attendance: 16464 (91.47%)
Total Ticket Income: $923,747
Other Income: $452,636
Total Income: $1,376,383

Senators

5 vs 5 Forward 
   Center                   Left Wing                Right Wing               Time % Phy DF OF 
 1 Jonathan Toews           Boone Jenner             Jarome Iginla            35     1   2  2  
 2 Kyle Turris              Loui Eriksson            Phil Kessel              30     1   2  2  
 3 Dave Bolland             Michael Grabner          Tomas Jurco              22     1   2  2  
 4 Kyle Chipchura           Bryan Bickell            Mike Santorelli          13     1   2  2  

5 vs 5 Defense 
   Defense                  Defense                                           Time % Phy DF OF 
 1 Dion Phaneuf             Tyler Myers                                       35     1   2  2  
 2 Zach Bogosian            Johnny Oduya                                      30     1   2  2  
 3 Jake Gardiner            Matt Finn                                         22     1   2  2  
 4 Dion Phaneuf             Tyler Myers                                       13     1   2  2  

PowerPlay Forward 
   Center                   Left Wing                Right Wing               Time % Phy DF OF 
 1 Jonathan Toews           Boone Jenner             Jarome Iginla            60     1   2  2  
 2 Kyle Turris              Loui Eriksson            Phil Kessel              40     1   2  2  

PowerPlay Defense
   Defense                  Defense                                           Time % Phy DF OF 
 1 Dion Phaneuf             Tyler Myers                                       60     1   2  2  
 2 Zach Bogosian            Johnny Oduya                                      40     1   2  2  

Penalty Kill 4 Players Forward 
   Center                   Wing                     Time % Phy DF OF 
 1 Jonathan Toews           Jarome Iginla            60     1   2  2  
 2 Phil Kessel              Kyle Turris              40     1   2  2  

Penalty Kill 4 Players Defense
   Defense                  Defense                  Time % Phy DF OF 
 1 Dion Phaneuf             Tyler Myers              60     1   2  2  
 2 Zach Bogosian            Johnny Oduya             40     1   2  2  

Penalty Kill - 3 Players Forward 
   Forward                                           Time % Phy DF OF 
 1 Jonathan Toews                                    60     1   2  2  
 2 Jarome Iginla                                     40     1   2  2  

Penalty Kill - 3 Players Defense
   Defense                  Defense                  Time % Phy DF OF 
 1 Dion Phaneuf             Tyler Myers              60     1   2  2  
 2 Zach Bogosian            Johnny Oduya             40     1   2  2  

4 vs 4 Forward 
   Center                   Wing                     Time % Phy DF OF 
 1 Jonathan Toews           Jarome Iginla            60     1   2  2  
 2 Phil Kessel              Kyle Turris              40     1   2  2  

4 vs 4 Defense
   Defense                  Defense                  Time % Phy DF OF 
 1 Dion Phaneuf             Tyler Myers              60     1   2  2  
 2 Zach Bogosian            Johnny Oduya             40     1   2  2  

Last Minutes Offensive
   Center                   Left Wing                Right Wing               Defense                  Defense                  
   Jonathan Toews           Boone Jenner             Jarome Iginla            Dion Phaneuf             Tyler Myers              

Last Minutes Defensive
   Center                   Left Wing                Right Wing               Defense                  Defense                  
   Jonathan Toews           Boone Jenner             Jarome Iginla            Dion Phaneuf             Tyler Myers              

Goaltenders
Starting : Steve Mason              
Backup : Jacob Markstrom          

Extra Forwards
Normal : Jonathan Toews, Jarome Iginla, Michael Grabner - PP : Jonathan Toews, Jarome Iginla - PK : Michael Grabner
Extra Defensemen
Normal : Jake Gardiner, Dion Phaneuf, Zach Bogosian - PP : Jake Gardiner - PK : Tyler Myers, Zach Bogosian
Penalty Shots
Jonathan Toews, Jarome Iginla, Phil Kessel, Kyle Turris, Boone Jenner

Penguins

5 vs 5 Forward 
   Center                   Left Wing                Right Wing               Time % Phy DF OF 
 1 Curtis McKenzie          Garrett Meurs            Joakim Lindstrom         40     3   1  1  
 2 Nail Yakupov             Marcus Foligno           Linden Vey               35     3   1  1  
 3 Chris Stewart            Jimmy Hayes              Chris Kelly              20     3   1  1  
 4 Garrett Meurs            Mikael Granlund          Reilly Smith             5      3   1  1  

5 vs 5 Defense 
   Defense                  Defense                                           Time % Phy DF OF 
 1 Xavier Ouellet           Luke Witkowski                                    40     3   1  1  
 2 Chris Butler             Mark Fraser                                       40     3   1  1  
 3 Jon Merrill              Cody Ceci                                         15     3   1  1  
 4 Xavier Ouellet           Christian Ehrhoff                                 5      3   1  1  

PowerPlay Forward 
   Center                   Left Wing                Right Wing               Time % Phy DF OF 
 1 Curtis McKenzie          Garrett Meurs            Joakim Lindstrom         60     3   1  1  
 2 Nail Yakupov             Marcus Foligno           Linden Vey               40     3   1  1  

PowerPlay Defense
   Defense                  Defense                                           Time % Phy DF OF 
 1 Xavier Ouellet           Luke Witkowski                                    60     3   1  1  
 2 Chris Butler             Mark Fraser                                       40     3   1  1  

Penalty Kill 4 Players Forward 
   Center                   Wing                     Time % Phy DF OF 
 1 Curtis McKenzie          Garrett Meurs            60     3   1  1  
 2 Joakim Lindstrom         Linden Vey               40     3   1  1  

Penalty Kill 4 Players Defense
   Defense                  Defense                  Time % Phy DF OF 
 1 Xavier Ouellet           Luke Witkowski           60     3   1  1  
 2 Chris Butler             Mark Fraser              40     3   1  1  

Penalty Kill - 3 Players Forward 
   Forward                                           Time % Phy DF OF 
 1 Garrett Meurs                                     60     3   1  1  
 2 Curtis McKenzie                                   40     3   1  1  

Penalty Kill - 3 Players Defense
   Defense                  Defense                  Time % Phy DF OF 
 1 Xavier Ouellet           Luke Witkowski           60     3   1  1  
 2 Chris Butler             Mark Fraser              40     3   1  1  

4 vs 4 Forward 
   Center                   Wing                     Time % Phy DF OF 
 1 Curtis McKenzie          Garrett Meurs            60     3   1  1  
 2 Joakim Lindstrom         Linden Vey               40     3   1  1  

4 vs 4 Defense
   Defense                  Defense                  Time % Phy DF OF 
 1 Xavier Ouellet           Luke Witkowski           60     3   1  1  
 2 Chris Butler             Mark Fraser              40     3   1  1  

Last Minutes Offensive
   Center                   Left Wing                Right Wing               Defense                  Defense                  
   Curtis McKenzie          Garrett Meurs            Joakim Lindstrom         Xavier Ouellet           Luke Witkowski           

Last Minutes Defensive
   Center                   Left Wing                Right Wing               Defense                  Defense                  
   Curtis McKenzie          Garrett Meurs            Joakim Lindstrom         Xavier Ouellet           Luke Witkowski           

Goaltenders
Starting : Alex Stalock             
Backup : Keith Kinkaid            

Extra Forwards
Normal : Garrett Meurs, Curtis McKenzie, Joakim Lindstrom - PP : Garrett Meurs, Curtis McKenzie - PK : Garrett Meurs
Extra Defensemen
Normal : Xavier Ouellet, Luke Witkowski, Chris Butler - PP : Xavier Ouellet - PK : Xavier Ouellet, Luke Witkowski
Penalty Shots
Chris Kelly, Garrett Meurs, Curtis McKenzie, Joakim Lindstrom, Linden Vey

% Time on Ice - Senators

Lines # - Real PCT - Wanted PCT - Time Play
Normal Forward
1 - 27% - 35% - 10:47
2 - 26% - 30% - 10:13
3 - 28% - 22% - 11:00
4 - 18% - 13% - 7:15
Normal Defense
1 - 36% - 35% - 14:12
2 - 31% - 30% - 12:04
3 - 29% - 22% - 11:12
4 - 5% - 13% - 1:47
PP Forward
1 - 55% - 60% - 10:03
2 - 45% - 40% - 8:16
PP Defense
1 - 59% - 60% - 10:45
2 - 41% - 40% - 7:34
PK Forward
1 - 100% - 60% - 2:26
2 - 0% - 40% - 0:00
PK Defense
1 - 100% - 60% - 2:26
2 - 0% - 40% - 0:00
PK3 Forward
1 - 0% - 60%
2 - 0% - 40%
PK3 Defense
1 - 0% - 60%
2 - 0% - 40%
44 Forward
1 - 0% - 60%
2 - 0% - 40%
44 Defense
1 - 0% - 60%
2 - 0% - 40%
Last Minute Offensive  - 0:00
Last Minute Defensive  - 0:00
Total
Forward - 60:00
Defense - 60:00

% Time on Ice - Penguins

Lines # - Real PCT - Wanted PCT - Time Play
Normal Forward
1 - 21% - 40% - 8:24
2 - 41% - 35% - 15:54
3 - 26% - 20% - 10:08
4 - 12% - 5% - 4:49
Normal Defense
1 - 34% - 40% - 13:27
2 - 36% - 40% - 14:02
3 - 27% - 15% - 10:25
4 - 3% - 5% - 1:21
PP Forward
1 - 61% - 60% - 1:29
2 - 39% - 40% - 0:57
PP Defense
1 - 66% - 60% - 1:37
2 - 34% - 40% - 0:49
PK Forward
1 - 70% - 60% - 12:50
2 - 30% - 40% - 5:29
PK Defense
1 - 56% - 60% - 10:13
2 - 44% - 40% - 8:06
PK3 Forward
1 - 0% - 60%
2 - 0% - 40%
PK3 Defense
1 - 0% - 60%
2 - 0% - 40%
44 Forward
1 - 0% - 60%
2 - 0% - 40%
44 Defense
1 - 0% - 60%
2 - 0% - 40%
Last Minute Offensive  - 0:00
Last Minute Defensive  - 0:00
Total
Forward - 60:00
Defense - 60:00

Play by Play

1st period


0:01 of 1st period - Jonathan Toews wins face-off versus Curtis McKenzie in neutral zone.
0:06 of 1st period - Snap shot by Jarome Iginla.
0:06 of 1st period - Goal by Jarome Iginla - Senators : 1 - Penguins : 0.
0:07 of 1st period - Loui Eriksson wins face-off versus Nail Yakupov in neutral zone.
0:31 of 1st period - Icing by Johnny Oduya.
0:32 of 1st period - Kyle Turris wins face-off versus Chris Stewart in Senators zone.
0:54 of 1st period - Slapshot by Zach Bogosian.
0:54 of 1st period - Shot Misses the Net.
1:12 of 1st period - Snap shot by Jonathan Toews.
1:12 of 1st period - Shot Blocked by Jimmy Hayes.
1:14 of 1st period - Wrist shot by Boone Jenner.
1:14 of 1st period - Shot Blocked by Luke Witkowski.
1:16 of 1st period - Snap shot by Dion Phaneuf.
1:16 of 1st period - Stopped by Alex Stalock with a rebound.
1:18 of 1st period - Slapshot by Tyler Myers.
1:18 of 1st period - Shot Blocked by Xavier Ouellet.
1:20 of 1st period - Slapshot by Boone Jenner.
1:20 of 1st period - Stopped by Alex Stalock without a rebound.
1:21 of 1st period - Curtis McKenzie wins face-off versus Dave Bolland in Penguins zone.
1:21 of 1st period - Curtis McKenzie is hit by Tomas Jurco.
1:39 of 1st period - Slapshot by Tomas Jurco.
1:39 of 1st period - Stopped by Alex Stalock with a rebound.
1:41 of 1st period - Slapshot by Dion Phaneuf.
1:41 of 1st period - Shot Blocked by Cody Ceci.
1:43 of 1st period - Slapshot by Tyler Myers.
1:43 of 1st period - Shot Misses the Net.
1:45 of 1st period - Slapshot by Dion Phaneuf.
1:45 of 1st period - Deflect By Cody Ceci.
1:45 of 1st period - Stopped by Alex Stalock with a rebound.
1:47 of 1st period - Slapshot by Dion Phaneuf.
1:47 of 1st period - Stopped by Alex Stalock with a rebound.
2:15 of 1st period - Jon Merrill is hit by Kyle Chipchura and loses puck.
2:34 of 1st period - Bryan Bickell is hit by Marcus Foligno and loses puck.
2:55 of 1st period - Jonathan Toews is hit by Mikael Granlund and loses puck.
2:56 of 1st period - Jonathan Toews from Senators is injured at 2:56 of 1st period (Sprained Right Ankle).
2:57 of 1st period - Michael Grabner wins face-off versus Curtis McKenzie in Senators zone.
4:35 of 1st period - Wrist shot by Nail Yakupov.
4:35 of 1st period - Shot Misses the Net.
4:55 of 1st period - Wrist shot by Jimmy Hayes.
4:55 of 1st period - Shot Misses the Net.
5:01 of 1st period - Wrist shot by Chris Stewart.
5:01 of 1st period - Shot Misses the Net.
6:05 of 1st period - Chris Butler is hit by Jarome Iginla and loses puck.
7:14 of 1st period - Garrett Meurs is hit by Dion Phaneuf and loses puck.
8:13 of 1st period - Minor Penalty to Jon Merrill for Hooking.
8:14 of 1st period - Curtis McKenzie wins face-off versus Kyle Chipchura in Penguins zone.
9:48 of 1st period - Icing by Boone Jenner.
9:49 of 1st period - Kyle Chipchura wins face-off versus Curtis McKenzie in Senators zone.
10:13 of 1st period - Penalty to Jon Merrill is over, Jon Merrill is back on ice.
11:12 of 1st period - Jon Merrill is hit by Phil Kessel.
12:11 of 1st period - Chris Kelly is hit by Dave Bolland and loses puck.
12:24 of 1st period - Chris Stewart is hit by Jarome Iginla and loses puck.
13:05 of 1st period - Snap shot by Nail Yakupov.
13:05 of 1st period - Stopped by Steve Mason with a rebound.
13:27 of 1st period - Michael Grabner is hit by Marcus Foligno and loses puck.
13:44 of 1st period - Slapshot by Curtis McKenzie.
13:44 of 1st period - Stopped by Steve Mason without a rebound.
13:45 of 1st period - Kyle Turris wins face-off versus Curtis McKenzie in Senators zone.
13:45 of 1st period - Kyle Turris is hit by Curtis McKenzie.
14:54 of 1st period - Slapshot by Reilly Smith.
14:54 of 1st period - Shot Blocked by Dave Bolland.
15:20 of 1st period - Slapshot by Bryan Bickell.
15:20 of 1st period - Shot Misses the Net.
15:38 of 1st period - Nail Yakupov is hit by Tyler Myers and loses puck.
15:55 of 1st period - Marcus Foligno is hit by Phil Kessel and loses puck.
16:01 of 1st period - Minor Penalty to Mark Fraser for Roughing.
16:02 of 1st period - Kyle Chipchura wins face-off versus Curtis McKenzie in Penguins zone.
16:06 of 1st period - Slapshot by Boone Jenner.
16:06 of 1st period - Shot Misses the Net.
16:08 of 1st period - Wrist shot by Jarome Iginla.
16:08 of 1st period - Shot Blocked by Curtis McKenzie.
16:10 of 1st period - Slapshot by Tyler Myers.
16:10 of 1st period - Goal by Tyler Myers - Senators : 2 - Penguins : 0.
16:11 of 1st period - Dave Bolland wins face-off versus Chris Stewart in neutral zone.
16:37 of 1st period - Snap shot by Michael Grabner.
16:37 of 1st period - Stopped by Alex Stalock with a rebound.
18:09 of 1st period - Wrist shot by Kyle Chipchura.
18:09 of 1st period - Stopped by Alex Stalock without a rebound.
18:09 of 1st period - Alex Stalock from Penguins is injured at 18:09 of 1st period (Right Forearm).
18:09 of 1st period - Keith Kinkaid enters game.
18:10 of 1st period - Curtis McKenzie wins face-off versus Michael Grabner in Penguins zone.
18:10 of 1st period - Curtis McKenzie is hit by Boone Jenner.
18:24 of 1st period - Slapshot by Joakim Lindstrom.
18:24 of 1st period - Stopped by Steve Mason with a rebound.
18:30 of 1st period - Luke Witkowski is hit by Tyler Myers and loses puck.
19:05 of 1st period - Minor Penalty to Chris Butler for Cross-checking.
19:06 of 1st period - Kyle Turris wins face-off versus Curtis McKenzie in Penguins zone.
Goals for this period are 2 for Senators vs 0 for Penguins.
Shots for this period are 9 for Senators vs 3 for Penguins.

2nd period


0:01 of 2nd period - Jarome Iginla wins face-off versus Curtis McKenzie in neutral zone.
0:34 of 2nd period - Snap shot by Jarome Iginla.
0:34 of 2nd period - Shot Misses the Net.
0:36 of 2nd period - Slapshot by Dion Phaneuf.
0:36 of 2nd period - Stopped by Keith Kinkaid with a rebound.
1:05 of 2nd period - Penalty to Chris Butler is over, Chris Butler is back on ice.
1:34 of 2nd period - Joakim Lindstrom is hit by Michael Grabner and loses puck.
1:45 of 2nd period - Slapshot by Jake Gardiner.
1:45 of 2nd period - Goal by Jake Gardiner - Senators : 3 - Penguins : 0.
1:46 of 2nd period - Michael Grabner wins face-off versus Chris Stewart in neutral zone.
1:59 of 2nd period - Wrist shot by Jarome Iginla.
1:59 of 2nd period - Shot Misses the Net.
3:21 of 2nd period - Cody Ceci is hit by Bryan Bickell and loses puck.
3:35 of 2nd period - Minor Penalty to Kyle Chipchura for Holding.
3:36 of 2nd period - Curtis McKenzie wins face-off versus Michael Grabner in Senators zone.
3:40 of 2nd period - Snap shot by Curtis McKenzie.
3:40 of 2nd period - Deflect By Joakim Lindstrom.
3:40 of 2nd period - Stopped by Steve Mason with a rebound.
3:42 of 2nd period - Slapshot by Luke Witkowski.
3:42 of 2nd period - Shot Misses the Net.
3:44 of 2nd period - Wrist shot by Luke Witkowski.
3:44 of 2nd period - Stopped by Steve Mason with a rebound.
3:46 of 2nd period - Slapshot by Xavier Ouellet.
3:46 of 2nd period - Shot Misses the Net.
3:48 of 2nd period - Slapshot by Luke Witkowski.
3:48 of 2nd period - Shot Blocked by Jarome Iginla.
4:00 of 2nd period - Snap shot by Curtis McKenzie.
4:00 of 2nd period - Stopped by Steve Mason with a rebound.
4:02 of 2nd period - Slapshot by Luke Witkowski.
4:02 of 2nd period - Goal by Luke Witkowski - Senators : 3 - Penguins : 1.
4:03 of 2nd period - Kyle Turris wins face-off versus Nail Yakupov in neutral zone.
4:53 of 2nd period - Curtis McKenzie and Dion Phaneuf fight to a draw.
4:53 of 2nd period - Penalty to Curtis McKenzie for Fighting.
4:53 of 2nd period - Penalty to Dion Phaneuf for Fighting.
4:54 of 2nd period - Chris Kelly wins face-off versus Michael Grabner in Senators zone.
5:13 of 2nd period - Snap shot by Joakim Lindstrom.
5:13 of 2nd period - Stopped by Steve Mason with a rebound.
5:17 of 2nd period - Slapshot by Joakim Lindstrom.
5:17 of 2nd period - Deflect By Jarome Iginla.
5:17 of 2nd period - Shot Misses the Net.
5:17 of 2nd period - Puck is out of play.
5:18 of 2nd period - Kyle Turris wins face-off versus Nail Yakupov in Senators zone.
5:18 of 2nd period - Kyle Turris is hit by Nail Yakupov.
5:30 of 2nd period - Wrist shot by Kyle Turris.
5:30 of 2nd period - Shot Misses the Net.
5:32 of 2nd period - Slapshot by Tyler Myers.
5:32 of 2nd period - Stopped by Keith Kinkaid with a rebound.
5:34 of 2nd period - Snap shot by Jake Gardiner.
5:34 of 2nd period - Goal by Jake Gardiner - Senators : 4 - Penguins : 1.
5:35 of 2nd period - Chris Kelly wins face-off versus Michael Grabner in neutral zone.
5:37 of 2nd period - Minor Penalty to Joakim Lindstrom for Interference.
5:38 of 2nd period - Kyle Chipchura wins face-off versus Chris Kelly in Penguins zone.
5:42 of 2nd period - Slapshot by Jake Gardiner.
5:42 of 2nd period - Stopped by Keith Kinkaid without a rebound.
5:43 of 2nd period - Chris Kelly wins face-off versus Kyle Chipchura in Penguins zone.
5:56 of 2nd period - Snap shot by Jarome Iginla.
5:56 of 2nd period - Shot Misses the Net.
5:58 of 2nd period - Slapshot by Tyler Myers.
5:58 of 2nd period - Shot Misses the Net.
6:00 of 2nd period - Wrist shot by Kyle Chipchura.
6:00 of 2nd period - Shot Misses the Net.
6:02 of 2nd period - Slapshot by Tyler Myers.
6:02 of 2nd period - Stopped by Keith Kinkaid without a rebound.
6:03 of 2nd period - Kyle Turris wins face-off versus Chris Kelly in Penguins zone.
6:20 of 2nd period - Snap shot by Loui Eriksson.
6:20 of 2nd period - Deflect By Phil Kessel.
6:20 of 2nd period - Shot Misses the Net.
6:20 of 2nd period - Puck is out of play.
6:21 of 2nd period - Chris Kelly wins face-off versus Loui Eriksson in Penguins zone.
7:26 of 2nd period - Mark Fraser is hit by Boone Jenner and loses puck.
7:31 of 2nd period - Wrist shot by Jarome Iginla.
7:31 of 2nd period - Goal by Jarome Iginla - Senators : 5 - Penguins : 1.
7:32 of 2nd period - Dave Bolland wins face-off versus Nail Yakupov in neutral zone.
8:08 of 2nd period - Minor Penalty to Mark Fraser for Delaying the game.
8:09 of 2nd period - Kyle Chipchura wins face-off versus Chris Kelly in Penguins zone.
8:31 of 2nd period - Chris Kelly is hit by Boone Jenner and loses puck.
8:56 of 2nd period - Xavier Ouellet is hit by Loui Eriksson.
9:06 of 2nd period - Xavier Ouellet is hit by Phil Kessel and loses puck.
9:27 of 2nd period - Marcus Foligno is hit by Kyle Turris and loses puck.
9:53 of 2nd period - Penalty to Curtis McKenzie is over, Curtis McKenzie is back on ice.
10:27 of 2nd period - Wrist shot by Michael Grabner.
10:27 of 2nd period - Shot Misses the Net.
10:29 of 2nd period - Slapshot by Dion Phaneuf.
10:29 of 2nd period - Deflect By Chris Butler.
10:29 of 2nd period - Stopped by Keith Kinkaid with a rebound.
11:56 of 2nd period - Off-side.
11:57 of 2nd period - Dave Bolland wins face-off versus Garrett Meurs in neutral zone.
12:00 of 2nd period - Jon Merrill is hit by Tomas Jurco and loses puck.
12:06 of 2nd period - Minor Penalty to Mikael Granlund for Roughing.
12:07 of 2nd period - Kyle Chipchura wins face-off versus Curtis McKenzie in Penguins zone.
12:24 of 2nd period - Slapshot by Dion Phaneuf.
12:24 of 2nd period - Stopped by Keith Kinkaid with a rebound.
12:26 of 2nd period - Slapshot by Tyler Myers.
12:26 of 2nd period - Shot Blocked by Chris Butler.
12:46 of 2nd period - Wrist shot by Chris Stewart.
12:46 of 2nd period - Stopped by Steve Mason with a rebound.
13:26 of 2nd period - Wrist shot by Zach Bogosian.
13:26 of 2nd period - Stopped by Keith Kinkaid with a rebound.
13:28 of 2nd period - Snap shot by Johnny Oduya.
13:28 of 2nd period - Stopped by Keith Kinkaid with a rebound.
13:30 of 2nd period - Slapshot by Zach Bogosian.
13:30 of 2nd period - Deflect By Boone Jenner.
13:30 of 2nd period - Stopped by Keith Kinkaid with a rebound.
13:32 of 2nd period - Snap shot by Jarome Iginla.
13:32 of 2nd period - Stopped by Keith Kinkaid without a rebound.
13:33 of 2nd period - Chris Kelly wins face-off versus Kyle Chipchura in Penguins zone.
14:06 of 2nd period - Penalty to Mikael Granlund is over, Mikael Granlund is back on ice.
16:21 of 2nd period - Luke Witkowski is hit by Boone Jenner and loses puck.
17:34 of 2nd period - Kyle Chipchura is hit by Linden Vey.
17:46 of 2nd period - Wrist shot by Linden Vey.
17:46 of 2nd period - Stopped by Steve Mason with a rebound.
18:02 of 2nd period - Michael Grabner is hit by Nail Yakupov and loses puck.
Goals for this period are 3 for Senators vs 1 for Penguins.
Shots for this period are 13 for Senators vs 7 for Penguins.

3rd period


0:01 of 3rd period - Michael Grabner wins face-off versus Curtis McKenzie in neutral zone.
0:12 of 3rd period - Wrist shot by Dion Phaneuf.
0:12 of 3rd period - Shot Misses the Net.
0:14 of 3rd period - Slapshot by Dion Phaneuf.
0:14 of 3rd period - Stopped by Keith Kinkaid with a rebound.
0:36 of 3rd period - Wrist shot by Boone Jenner.
0:36 of 3rd period - Stopped by Keith Kinkaid without a rebound.
0:37 of 3rd period - Kyle Turris wins face-off versus Nail Yakupov in Penguins zone.
1:09 of 3rd period - Minor Penalty to Chris Butler for Interference.
1:10 of 3rd period - Kyle Chipchura wins face-off versus Curtis McKenzie in Penguins zone.
1:16 of 3rd period - Snap shot by Jarome Iginla.
1:16 of 3rd period - Goal by Jarome Iginla - Senators : 6 - Penguins : 1.
1:17 of 3rd period - Curtis McKenzie wins face-off versus Michael Grabner in neutral zone.
1:20 of 3rd period - Wrist shot by Joakim Lindstrom.
1:20 of 3rd period - Stopped by Steve Mason without a rebound.
1:21 of 3rd period - Garrett Meurs wins face-off versus Jarome Iginla in Senators zone.
1:24 of 3rd period - Slapshot by Joakim Lindstrom.
1:24 of 3rd period - Shot Misses the Net.
2:04 of 3rd period - Minor Penalty to Curtis McKenzie for Hooking.
2:05 of 3rd period - Kyle Turris wins face-off versus Chris Kelly in Penguins zone.
2:44 of 3rd period - Chris Kelly is hit by Zach Bogosian and loses puck.
2:57 of 3rd period - Mark Fraser is hit by Boone Jenner and loses puck.
3:02 of 3rd period - Slapshot by Jarome Iginla.
3:02 of 3rd period - Shot Misses the Net.
3:04 of 3rd period - Wrist shot by Jarome Iginla.
3:04 of 3rd period - Shot Misses the Net.
3:06 of 3rd period - Slapshot by Tyler Myers.
3:06 of 3rd period - Shot Misses the Net.
3:08 of 3rd period - Slapshot by Tyler Myers.
3:08 of 3rd period - Stopped by Keith Kinkaid without a rebound.
3:09 of 3rd period - Kyle Chipchura wins face-off versus Joakim Lindstrom in Penguins zone.
3:10 of 3rd period - Slapshot by Jarome Iginla.
3:10 of 3rd period - Shot Misses the Net.
3:12 of 3rd period - Slapshot by Tyler Myers.
3:12 of 3rd period - Shot Blocked by Luke Witkowski.
3:48 of 3rd period - Slapshot by Xavier Ouellet.
3:48 of 3rd period - Shot Blocked by Tyler Myers.
4:04 of 3rd period - Penalty to Curtis McKenzie is over, Curtis McKenzie is back on ice.
4:14 of 3rd period - Off-side.
4:15 of 3rd period - Nail Yakupov wins face-off versus Dave Bolland in neutral zone.
4:47 of 3rd period - Michael Grabner is hit by Nail Yakupov and loses puck.
4:57 of 3rd period - Chris Stewart beats up Matt Finn.
4:57 of 3rd period - Penalty to Chris Stewart for Fighting.
4:57 of 3rd period - Penalty to Matt Finn for Fighting.
4:58 of 3rd period - Garrett Meurs wins face-off versus Michael Grabner in Senators zone.
5:02 of 3rd period - Minor Penalty to Luke Witkowski for Hooking.
5:03 of 3rd period - Kyle Chipchura wins face-off versus Curtis McKenzie in Penguins zone.
5:34 of 3rd period - Slapshot by Jarome Iginla.
5:34 of 3rd period - Stopped by Keith Kinkaid with a rebound.
6:27 of 3rd period - Slapshot by Curtis McKenzie.
6:27 of 3rd period - Stopped by Steve Mason with a rebound.
7:02 of 3rd period - Penalty to Luke Witkowski is over, Luke Witkowski is back on ice.
7:43 of 3rd period - Chris Kelly is hit by Dave Bolland.
8:38 of 3rd period - Snap shot by Mikael Granlund.
8:38 of 3rd period - Stopped by Steve Mason without a rebound.
8:39 of 3rd period - Garrett Meurs wins face-off versus Mike Santorelli in Senators zone.
9:14 of 3rd period - Off-side.
9:15 of 3rd period - Kyle Turris wins face-off versus Nail Yakupov in neutral zone.
9:17 of 3rd period - Minor Penalty to Dion Phaneuf for Hooking.
9:18 of 3rd period - Curtis McKenzie wins face-off versus Michael Grabner in Senators zone.
9:20 of 3rd period - Snap shot by Joakim Lindstrom.
9:20 of 3rd period - Shot Misses the Net.
9:22 of 3rd period - Slapshot by Luke Witkowski.
9:22 of 3rd period - Shot Blocked by Tyler Myers.
9:24 of 3rd period - Slapshot by Xavier Ouellet.
9:24 of 3rd period - Shot Misses the Net.
9:26 of 3rd period - Slapshot by Luke Witkowski.
9:26 of 3rd period - Shot Misses the Net.
9:28 of 3rd period - Snap shot by Luke Witkowski.
9:28 of 3rd period - Deflect By Zach Bogosian.
9:28 of 3rd period - Stopped by Steve Mason without a rebound.
9:29 of 3rd period - Michael Grabner wins face-off versus Curtis McKenzie in Senators zone.
9:57 of 3rd period - Penalty to Matt Finn is over, Matt Finn is back on ice.
10:15 of 3rd period - Snap shot by Nail Yakupov.
10:15 of 3rd period - Shot Misses the Net.
10:17 of 3rd period - Wrist shot by Nail Yakupov.
10:17 of 3rd period - Shot Blocked by Zach Bogosian.
10:40 of 3rd period - Snap shot by Joakim Lindstrom.
10:40 of 3rd period - Shot Misses the Net.
10:57 of 3rd period - Boone Jenner is hit by Marcus Foligno and loses puck.
11:17 of 3rd period - Penalty to Dion Phaneuf is over, Dion Phaneuf is back on ice.
11:40 of 3rd period - Snap shot by Michael Grabner.
11:40 of 3rd period - Shot Blocked by Curtis McKenzie.
11:42 of 3rd period - Wrist shot by Matt Finn.
11:42 of 3rd period - Stopped by Keith Kinkaid without a rebound.
11:43 of 3rd period - Chris Stewart wins face-off versus Kyle Turris in Penguins zone.
12:01 of 3rd period - Xavier Ouellet is hit by Kyle Turris and loses puck.
12:08 of 3rd period - Chris Kelly is hit by Jake Gardiner and loses puck.
12:21 of 3rd period - Jon Merrill is hit by Kyle Turris.
12:24 of 3rd period - Off-side.
12:25 of 3rd period - Garrett Meurs wins face-off versus Kyle Chipchura in neutral zone.
12:51 of 3rd period - Chris Butler is hit by Dion Phaneuf and loses puck.
13:15 of 3rd period - Icing by Michael Grabner.
13:16 of 3rd period - Dave Bolland wins face-off versus Linden Vey in Senators zone.
13:22 of 3rd period - Minor Penalty to Luke Witkowski for Holding.
13:23 of 3rd period - Curtis McKenzie wins face-off versus Kyle Turris in Penguins zone.
13:46 of 3rd period - Wrist shot by Phil Kessel.
13:46 of 3rd period - Stopped by Keith Kinkaid with a rebound.
13:48 of 3rd period - Wrist shot by Tyler Myers.
13:48 of 3rd period - Stopped by Keith Kinkaid without a rebound.
13:49 of 3rd period - Kyle Chipchura wins face-off versus Curtis McKenzie in Penguins zone.
14:45 of 3rd period - Icing by Dion Phaneuf.
14:46 of 3rd period - Kyle Turris wins face-off versus Joakim Lindstrom in Senators zone.
14:57 of 3rd period - Snap shot by Joakim Lindstrom.
14:57 of 3rd period - Deflect By Linden Vey.
14:57 of 3rd period - Shot Blocked by Dion Phaneuf.
14:57 of 3rd period - Puck is out of play.
14:58 of 3rd period - Joakim Lindstrom wins face-off versus Kyle Chipchura in Senators zone.
15:22 of 3rd period - Penalty to Luke Witkowski is over, Luke Witkowski is back on ice.
15:52 of 3rd period - Wrist shot by Chris Stewart.
15:52 of 3rd period - Shot Blocked by Dion Phaneuf.
15:54 of 3rd period - Snap shot by Jimmy Hayes.
15:54 of 3rd period - Stopped by Steve Mason with a rebound.
15:59 of 3rd period - Chris Stewart beats up Dion Phaneuf.
15:59 of 3rd period - Penalty to Chris Stewart for Fighting.
15:59 of 3rd period - Penalty to Dion Phaneuf for Fighting.
15:59 of 3rd period - Penalty to Chris Stewart for instigated a fight.
15:59 of 3rd period - Penalty to Chris Stewart for instigated a fight.
16:00 of 3rd period - Kyle Chipchura wins face-off versus Garrett Meurs in Senators zone.
17:32 of 3rd period - Snap shot by Boone Jenner.
17:32 of 3rd period - Shot Misses the Net.
17:34 of 3rd period - Wrist shot by Kyle Chipchura.
17:34 of 3rd period - Shot Misses the Net.
17:52 of 3rd period - Wrist shot by Jarome Iginla.
17:52 of 3rd period - Stopped by Keith Kinkaid without a rebound.
17:53 of 3rd period - Kyle Chipchura wins face-off versus Curtis McKenzie in Penguins zone.
17:59 of 3rd period - Penalty to Chris Stewart is over, Marcus Foligno is send on ice.
18:01 of 3rd period - Icing by Tyler Myers.
18:02 of 3rd period - Kyle Chipchura wins face-off versus Joakim Lindstrom in Senators zone.
18:23 of 3rd period - Joakim Lindstrom is hit by Michael Grabner and loses puck.
18:40 of 3rd period - Minor Penalty to Marcus Foligno for Roughing.
18:41 of 3rd period - Kyle Turris wins face-off versus Curtis McKenzie in Penguins zone.
18:53 of 3rd period - Snap shot by Loui Eriksson.
18:53 of 3rd period - Stopped by Keith Kinkaid with a rebound.
18:55 of 3rd period - Wrist shot by Johnny Oduya.
18:55 of 3rd period - Shot Misses the Net.
18:57 of 3rd period - Snap shot by Loui Eriksson.
18:57 of 3rd period - Goal by Loui Eriksson - Senators : 7 - Penguins : 1.
18:58 of 3rd period - Michael Grabner wins face-off versus Nail Yakupov in neutral zone.
19:17 of 3rd period - Slapshot by Nail Yakupov.
19:17 of 3rd period - Stopped by Steve Mason without a rebound.
19:18 of 3rd period - Nail Yakupov wins face-off versus Michael Grabner in Senators zone.
19:32 of 3rd period - Slapshot by Jarome Iginla.
19:32 of 3rd period - Stopped by Keith Kinkaid with a rebound.
19:41 of 3rd period - Snap shot by Jarome Iginla.
19:41 of 3rd period - Stopped by Keith Kinkaid with a rebound.
19:43 of 3rd period - Snap shot by Michael Grabner.
19:43 of 3rd period - Shot Blocked by Xavier Ouellet.
Goals for this period are 2 for Senators vs 0 for Penguins.
Shots for this period are 13 for Senators vs 6 for Penguins.